 Dungeon Crawl Stone Soup version 0.31.0-9-g3a7656b989 (webtiles) character file.

Game seed: 16283363391919198280

56 Amaterasu the Chopper (level 4, -2/35 HPs)
             Began as a Formicid Fighter on Jan 24, 2024.
             Slain by a gnoll bouda
             ... wielding a +0 whip
              (4 damage)
             ... on level 2 of the Dungeon.
             The game lasted 00:02:43 (950 turns).

Amaterasu the Chopper (Formicid Fighter)             Turns: 950, Time: 00:02:45

Health: -2/35      AC:  8    Str: 23    XL:     4   Next: 17%
Magic:  4/4        EV:  9    Int:  7    God:
Gold:   48         SH:  5    Dex: 13    Spells: 3/3 levels left

rFire   . . .        a - +0 war axe
rCold   . . .        c - +0 buckler
rNeg    . . .        b - +0 scale mail
rPois   .            (helmet unavailable)
rElec   .            h - +0 cloak
rCorr   .            (no gloves)
SInv    +            (no boots)
Will    .....        (no amulet) Stlth
                     (no ring)
HPRegen 0.25/turn    (no ring)
MPRegen 0.09/turn

%: no passive effects
@: mighty, weakened
A: permanent stasis, dig shafts and tunnels, antennae 3, four strong arms
a: Dig, Shaft Self


You were on level 2 of the Dungeon.
You visited 1 branch of the dungeon, and saw 2 of its levels.

You collected 48 gold pieces.

Inventory:

Hand Weapons
 a - a +0 war axe (weapon)
Armour
 b - a +0 scale mail (worn)
 c - a +0 buckler (worn)
 h - a +0 cloak (worn)
Scrolls
 e - a scroll of poison
 k - a scroll of enchant armour {unknown}
Potions
 f - 2 potions of berserk rage {unknown}
 g - 3 potions of heal wounds {unknown}
 i - a potion of haste {unknown}
 j - a potion of enlightenment {unknown}


   Skills:
 - Level 3.2 Fighting
 + Level 4.1 Axes
 - Level 3.2 Armour
 - Level 4.0 Shields


You had 3 spell levels left.
You didn't know any spells.
Your spell library was empty.

Dungeon Overview and Level Annotations

Branches:
Dungeon (2/15)

Altars:


Innate Abilities, Weirdness & Mutations

You cannot be hasted, slowed, berserked, paralysed or teleported.
You can dig through walls and to a lower floor.
You have a pair of large antennae on your head. (SInv)
Your four strong arms can wield two-handed weapons with a shield.


Message History

The gnoll bouda shouts!
You slash the endoplasm!
You kill the endoplasm!
You hear a shout!
The gnoll shouts!
The gnoll bouda barks out a call to the hunt!
The gnolls pick up the pace!
The frilled lizard hisses angrily.
You hear a shout!
Press: ? - help, v - describe, . - travel The floor.
The gnoll bouda gazes fiercely through you!
You feel your attacks grow feeble. The gnoll hits you but does no damage.
The gnoll hits you from afar with a +0 spear.
You hit the gnoll.
The gnoll is lightly wounded.
You hit the gnoll bouda.
The gnoll bouda hits you with a +0 whip!
You block the gnoll's attack. The gnoll hits you but does no damage.
The gnoll bouda gazes fiercely through you!
You feel as though you will be weak longer.
The gnoll bouda hits you but does no damage.
A gnoll comes into view. It is wielding a +0 flail.
You feel very mighty all of a sudden.
The gnoll hits you from afar with a +0 spear.
The gnoll bouda hits you with a +0 whip!
You barely miss the gnoll bouda.
The gnoll bouda is lightly wounded.
You hit the gnoll. The gnoll hits you with a +0 flail!
* * * LOW HITPOINT WARNING * * *
The gnoll hits you but does no damage.
The gnoll bouda hits you but does no damage.
The gnoll closely misses you.
You slash the gnoll bouda!
The gnoll bouda is severely wounded.
You closely miss the gnoll.
The hobgoblin throws a stone.
The stone hits you.
* * * LOW HITPOINT WARNING * * *
The gnoll hits you but does no damage.
The gnoll bouda hits you with a +0 whip.
You die...

#...............##.....#....#
#
................#.)##..#.####
# .........g.g......##.....#
. ##...............###.#.###
. #........l....##.###...# ..
....##g..g..#.....##..####..
......g.{...###...##........
#..g..#.....# #.............
#..g..#[(...# #.@......#.#..
#..g..#.....#.ggg...........
<....##.....gg..l.....#.....
#....##.....#.......#.......
#....##...............#..#..
#....##.......#.......#.####
#....##...........%...# #
#####...##..###..#..#.. .#.
##)# .#


You could see a gnoll bouda, 4 gnolls, a hobgoblin and a frilled lizard.

Vanquished Creatures
  An adder (D:2)
  A gnoll (D:1)
  A dart slug (D:1)
  6 ball pythons
  2 bats (D:1)
  2 endoplasms
  A giant cockroach (D:2)
  4 hobgoblins (D:1)
  6 jackals (D:1)
  3 quokkas
  A frilled lizard (D:2)
  2 goblins
  A kobold (D:1)
  3 rats
34 creatures vanquished.

Notes
Turn   | Place    | Note
-------+----------+-------------------------------------------
     0 | D:1      | Amaterasu the Formicid Fighter began the quest for the Orb.
     0 | D:1      | Reached XP level 1. HP: 18/18 MP: 1/1
   178 | D:1      | Reached XP level 2. HP: 19/24 MP: 2/2
   275 | D:1      | Reached XP level 3. HP: 29/29 MP: 3/3
   760 | D:2      | Reached XP level 4. HP: 35/35 MP: 4/4
   950 | D:2      | Slain by a gnoll bouda

Illustrated notes

Levels and vault maps discovered:
D:1:      erik_arrival_orb_chamber, layout_basic, minmay_misc_feat_hallway
D:2:      layout_rooms, uniq_robin

Skill      XL: |  1  2  3 |
---------------+----------+-----
Axes           | 3 4 |  4.1
Fighting       | |  3.2
Armour         | |  3.2
Shields        | |  4.0

Action                     |  1- 3 |  4- 6 || total
---------------------------+-------+-------++-------
  Melee: War axe           |    55 |    14 ||    69
    Use: Scroll            |     2 |       ||     2
         Potion            |       |     1 ||     1
 Armour: Scale mail        |    38 |    32 ||    70
  Dodge: Dodged            |    29 |     8 ||    37
  Block: Buckler           |    22 |     2 ||    24
